AoeStats
← Murk of Arabia

African Clearing

510680855Analyzed
2v2 RM · 10h ago on Oct 2, 2026· 34m 29s· 4 players
Game mode
Random Map
Map size
Medium (4 player)
Population
200
Speed
Normal
Resources
Standard
Victory
Conquest
Starting age
Dark Age
Ending age
Imperial Age
RankedLock teamsTeams togetherTeam positionsShared explorationLock speedFull tech treeHidden civsTurbo modeCheats
Victory
Defeat
🇦🇷 Mongols · Argentina
1243
+13
🇨🇦 Malay · Canada
1191
+16
🇺🇸 Aztecs · United States
1216
-16
🇺🇸 Varangians · United States
1153
-13
NoCry
9:24 Loom
11:12 Feudal Age
18:00 Bloodlines
17:54 Town Watch
19:02 Scale Barding Armor
19:07 Forging
23:55 Castle Age
24:04 Horse Collar
24:12 Light Cavalry
24:54 Husbandry
26:19 Double-Bit Axe
30:45 Iron Casting
30:49 Chain Barding Armor
Nhitty
12:19 Loom
16:26 Feudal Age
24:09 Castle Age
27:43 Double-Bit Axe
33:38 Fishing Lines
34:31 Bow Saw
Micro Machines
13:43 Feudal Age
17:27 Castle Age
16:50 Double-Bit Axe
18:12 Squires
18:42 Eagle Warrior
24:08 Scale Mail Armor
33:25 Wheelbarrow
32:45 Loom
Murk of Arabia
9:46 Loom
13:58 Feudal Age
19:10 Fletching
22:21 Double-Bit Axe
22:19 Horse Collar
28:21 Castle Age
26:46 Scale Mail Armor
27:04 Arson
27:14 Gold Mining
28:02 Forging
29:23 Chain Mail Armor
31:43 Iron Casting
31:32 Stone Mining
Connection lost

Rejoining the realm…

Still unreachable

The connection could not be restored.

Session expired

The server has moved on; the page needs a fresh start.